[Event "Cape Verde Championship Final 2022"]
[Site "Praia"]
[Date "2022.12.08"]
[Round "1.1"]
[White "Vaz, Jose Carlos"]
[Black "Ortega Amarelle, Mariano"]
[Result "0-1"]
[ECO "B49"]
[WhiteElo "1787"]
[BlackElo "2471"]
[Annotator "TA"]
[PlyCount "104"]
[EventDate "2022.12.04"]
[EventType "tourn"]
[EventCountry "KAP"]
[SourceTitle "playchess.com"]
[Source "ChessBase"]
[SourceQuality "1"]
[TimeControl "40/5400+30:1800+30"]

1. e4 c5 2. Nf3 e6 3. Nc3 Nc6 4. d4 cxd4 5. Nxd4 a6 6. Be2 Qc7 7. Be3 Nf6 8. Qd2 Bb4 {[%emt 0:01:29] B49: Sicilian: Taimanov: 5 Nc3 Qc7 6 Be3 a6 7 Be2.} 9. f3 Ne5 (9... d5 $11) 10. O-O {[%emt 0:05:13][%cal Oc3b5] Ncb5! is the strong threat.} O-O {[%emt 0:02:49] White is slightly better.} 11. a3 (11. Bg5 $14 {feels stronger.}) 11... Be7 {[%emt 0:05:16] [#]} 12. Bf4 $146 ({Predecessor:} 12. b3 b5 13. f4 Neg4 14. e5 Nxe3 15. Qxe3 Ne8 16. b4 f5 17. Rf3 Qb6 18. Kh1 {0-1 (56) Sharku,E (1174)-Kobald,J (1833) Mamaia 2017}) 12... d6 13. Bg3 b5 14. b3 Bb7 15. Nd1 Rac8 16. Kh1 Rfd8 {[%emt 0:02:26] White must now prevent ...d5.} 17. Bd3 {[%emt 0:05:16] Black keeps a firm grip on the game.} (17. a4 $15) 17... Nh5 ({Better is} 17... Nxd3 $19 18. cxd3 Nh5) 18. Bf2 (18. Bxe5 $17 dxe5 19. Ne2) 18... d5 $19 19. exd5 Nxd3 20. cxd3 Rxd5 21. Ra2 $2 (21. Ne2) 21... Qd8 22. Nc3 (22. Rc2 {was worth a try.} Rxd4 23. Bxd4 Qxd4 24. Rxc8+ Bxc8 25. Qc3 Qxc3 26. Nxc3) 22... Rxd4 23. Bxd4 Qxd4 24. Ne2 Qh4 {[%emt 0:04:14] [#] And now ...Bd6 would win.} 25. Qe1 Qg5 {[%emt 0:01:26] Black is clearly winning.} 26. Qd2 Qxd2 27. Rxd2 Bxa3 28. Ra2 Bd6 29. Rc1 Rxc1+ 30. Nxc1 Nf4 31. Kg1 Bc5+ 32. Kf1 Nd5 33. Ke1 Nb4 34. Re2 Kf8 35. Kd2 Bd4 36. Re1 Nd5 {[%emt 0:05:14] Threatens to win with ...Bc3+.} 37. Ne2 Bc5 {[%emt 0:00:23] [#] aiming for ...Bb4+.} 38. Rb1 Ke7 39. d4 Bb4+ 40. Kd3 a5 41. Rc1 a4 42. Ra1 a3 (42... axb3 $2 {too greedy.} 43. Ra7 $19) 43. Rc1 Bd6 44. Nc3 Nxc3 45. Kxc3 b4+ 46. Kc2 Bd5 47. h3 Kf6 48. Re1 e5 49. Rd1 exd4 {[%emt 0:00:47] Hoping for ...Be5.} 50. Rxd4 a2 51. Rxd5 a1=Q {[%emt 0:00:17] ( -> ...Qc3+)} (51... a1=B $2 52. Rxd6+ Ke5 53. Ra6 $18) 52. Rxd6+ Ke5 {[%emt 0:00:13] Weighted Error Value: White=0.38/Black=0.09 (flawless)} 0-1

[Event "Cape Verde Championship Final 2022"]
[Site "Praia"]
[Date "2022.12.08"]
[Round "1.2"]
[White "Monteiro, Antonio David Cabral"]
[Black "Barros, Luis"]
[Result "1-0"]
[ECO "D00"]
[WhiteElo "1778"]
[BlackElo "1666"]
[Annotator "NA RC COMBH"]
[PlyCount "87"]
[EventDate "2022.12.04"]
[EventType "tourn"]
[EventCountry "KAP"]
[SourceTitle "playchess.com"]
[Source "ChessBase"]
[SourceQuality "1"]
[TimeControl "40/5400+30:1800+30"]

1. d4 Nf6 2. Bf4 d5 3. e3 c5 4. c3 Qb6 5. Qb3 Bf5 6. dxc5 Qxb3 7. axb3 e6 8. b4 Be7 9. Nd2 O-O 10. Ngf3 Nc6 11. Nd4 Bg6 12. Nxc6 bxc6 13. Ba6 Nh5 14. Bc7 Bd8 15. Bxd8 Raxd8 16. Bb7 Bd3 17. Bxc6 a6 18. Nf3 f6 19. Nd4 Kf7 20. g4 e5 21. Ne2 Be4 22. Rg1 Rc8 23. Ba4 a5 24. gxh5 axb4 25. cxb4 Ra8 26. Kd2 Ra7 27. Bb3 Rb7 28. Kc3 Bf3 29. Rg3 Be4 30. f3 Bxf3 31. Rxf3 Rd8 32. e4 Kf8 33. Bxd5 Rc7 34. Kc4 Ke7 35. b5 Rb8 36. Rfa3 f5 37. Ra7 Rxa7 38. Rxa7+ Kf6 39. Rf7+ Kg5 40. Rxf5+ Kh4 41. Rxe5 g6 42. hxg6 hxg6 43. b6 g5 44. b7 1-0

[Event "Cape Verde Championship Final 2022"]
[Site "Praia"]
[Date "2022.12.08"]
[Round "1.3"]
[White "Teixeira, Gil"]
[Black "Moes Joaquim, Carlos"]
[Result "1-0"]
[ECO "B20"]
[WhiteElo "1763"]
[BlackElo "1448"]
[Annotator "NA RC COMBH"]
[PlyCount "68"]
[EventDate "2022.12.04"]
[EventType "tourn"]
[EventCountry "KAP"]
[SourceTitle "playchess.com"]
[Source "ChessBase"]
[SourceQuality "1"]
[TimeControl "40/5400+30:1800+30"]

1. e4 c5 2. Nc3 e6 3. Bc4 a6 4. a4 Qc7 5. Nge2 Nc6 6. f4 b6 7. O-O Bb7 8. d3 Nge7 9. f5 Ne5 10. Bf4 g5 11. Bg3 h5 12. h3 h4 13. Bh2 exf5 14. exf5 Qc6 15. Rf2 Nxc4 16. dxc4 Nxf5 17. Nd5 Nd6 18. Nec3 O-O-O 19. b3 f5 20. Bxd6 Qxd6 21. Rxf5 Bg7 22. Qf3 Bd4+ 23. Kh1 Rdg8 24. Qg4 Bxd5 25. Rxd5 Qe6 26. Qf3 g4 27. hxg4 Rxg4 28. Rxd4 cxd4 29. Qa8+ Kc7 30. Nd5+ Kd6 31. Qxh8 Qe4 32. Qb8+ Ke6 33. Qe8+ Kd6 34. Qxe4 Rxe4 1-0

[Event "Cape Verde Championship Final 2022"]
[Site "Praia"]
[Date "2022.12.08"]
[Round "1.4"]
[White "Monteiro, Antonio David Cabral"]
[Black "Rodriguez Guevara, Celia M."]
[Result "1/2-1/2"]
[ECO "B01"]
[WhiteElo "1778"]
[BlackElo "1803"]
[Annotator "NA RC COMBH"]
[PlyCount "51"]
[EventDate "2022.12.04"]
[EventType "tourn"]
[EventCountry "KAP"]
[SourceTitle "playchess.com"]
[Source "ChessBase"]
[SourceQuality "1"]
[TimeControl "40/5400+30:1800+30"]

1. e4 d5 2. e5 Bf5 3. d4 e6 4. Bd3 Bg6 5. Nf3 c5 6. c3 Nc6 7. O-O cxd4 8. cxd4 Qb6 9. Nc3 Bh5 10. Bb5 Bxf3 11. Bxc6+ bxc6 12. gxf3 Ne7 13. b3 Nf5 14. Be3 Nxe3 15. fxe3 c5 16. Qd3 cxd4 17. exd4 a6 18. Rfc1 $15 Be7 19. Na4 Qa7 20. Rc6 Ba3 21. Nc5 Bxc5 22. Rxc5 O-O 23. Rac1 a5 24. Rc7 Qb6 25. R1c6 Qb4 26. Qc3 1/2-1/2

[Event "Cape Verde Championship Final 2022"]
[Site "Praia"]
[Date "2022.12.08"]
[Round "2.1"]
[White "Ortega Amarelle, Mariano"]
[Black "Rodriguez Guevara, Celia M."]
[Result "1-0"]
[ECO "B76"]
[WhiteElo "2471"]
[BlackElo "1803"]
[Annotator "TA"]
[PlyCount "29"]
[EventDate "2022.12.04"]
[EventType "tourn"]
[EventCountry "KAP"]
[SourceTitle "playchess.com"]
[Source "ChessBase"]
[SourceQuality "1"]
[TimeControl "40/5400+30:1800+30"]

1. e4 c5 2. Nf3 d6 3. d4 cxd4 4. Nxd4 Nf6 5. Nc3 g6 6. Be3 Bg7 7. f3 O-O 8. Qd2 Bd7 9. O-O-O Nc6 10. h4 {[%emt 0:03:54] [#] White is more active.} (10. Kb1 $16) 10... Nb4 $146 {[%emt 0:00:00] B76: Sicilian Dragon: Yugoslav Attack, 9 g4 and 9 0-0-0.} (10... h5 $1 $11 {keeps the balance.}) ({Predecessor:} 10... h5 11. Bh6 Rc8 12. Nxc6 Rxc6 13. g4 Qa5 14. Bxg7 Kxg7 15. g5 Ng8 16. Qd4+ Kh7 17. Bc4 a6 18. Bb3 e6 19. Rh2 {1-0 (50) Teclaf,P (2543)-Zhu,J (2455) chess24.com INT 2021}) 11. h5 Nxh5 (11... gxh5 $2 12. Bh6 Kh8 13. Bxg7+ Kxg7 14. a3 $18) 12. Bh6 {[%emt 0:05:16][%cal Oh1h5] Strongly threatening Rxh5!} a5 $2 (12... Be5 $16 {is a better chance.}) 13. Rxh5 $18 {[%emt 0:05:18][%cal Oh6g7][%mdl 64] [#] Hoping for Bxg7!} gxh5 (13... Bh8 $18 14. Bxf8 gxh5) 14. Qg5 $1 e5 15. Qxg7# {[%emt 0:00:11] White took control after the opening.   Weighted Error Value: White=0.23 (precise) /Black=2.33} 1-0

[Event "Cape Verde Championship Final 2022"]
[Site "Praia"]
[Date "2022.12.08"]
[Round "2.2"]
[White "Moes Joaquim, Carlos"]
[Black "Monteiro, Antonio David Cabral"]
[Result "1/2-1/2"]
[ECO "D52"]
[WhiteElo "1448"]
[BlackElo "1778"]
[Annotator "NA RC COMBH"]
[PlyCount "42"]
[EventDate "2022.12.04"]
[EventType "tourn"]
[EventCountry "KAP"]
[SourceTitle "playchess.com"]
[Source "ChessBase"]
[SourceQuality "1"]
[TimeControl "40/5400+30:1800+30"]

1. d4 d5 2. c4 c6 3. Nc3 Nf6 4. Nf3 e6 5. Bg5 Nbd7 6. e3 Qa5 7. Nd2 Bb4 8. Qc2 O-O 9. Be2 Re8 10. O-O Bd6 11. Bh4 Qc7 12. Bg3 a6 13. Rac1 Rb8 14. b4 b5 15. cxb5 cxb5 16. Qb2 Bxg3 17. hxg3 Qa7 18. Nb3 Nb6 19. a3 Nc4 20. Qa2 Bd7 21. Nc5 Qb6 1/2-1/2

[Event "Cape Verde Championship Final 2022"]
[Site "Praia"]
[Date "2022.12.08"]
[Round "2.3"]
[White "Barros, Luis"]
[Black "Teixeira, Gil"]
[Result "0-1"]
[ECO "C01"]
[WhiteElo "1666"]
[BlackElo "1763"]
[Annotator "NA RC COMBH"]
[PlyCount "96"]
[EventDate "2022.12.04"]
[EventType "tourn"]
[EventCountry "KAP"]
[SourceTitle "playchess.com"]
[Source "ChessBase"]
[SourceQuality "1"]
[TimeControl "40/5400+30:1800+30"]

1. e4 e6 2. d4 Ne7 3. Nf3 Ng6 4. Bd3 Be7 5. c4 d6 6. Nc3 Nd7 7. e5 dxe5 8. Bxg6 fxg6 9. dxe5 O-O 10. Qb3 Nc5 11. Qc2 Nd3+ 12. Ke2 Nxc1+ 13. Raxc1 a6 14. Rhd1 Qe8 15. Ne4 b6 16. Rd2 Bb7 17. Rcd1 Rd8 18. Kf1 Rxd2 19. Rxd2 Qc6 20. Re2 Rf4 21. Nd4 Qd7 22. g3 Rf8 23. Rd2 Bc5 24. Nb3 Qc6 25. Nbxc5 bxc5 26. Re2 Rd8 27. f3 Rd4 28. Rd2 Qd7 29. Ke2 Bxe4 30. fxe4 g5 31. Rxd4 Qxd4 32. Kf3 h5 33. h3 Qxe5 34. Qe2 h4 35. gxh4 gxh4 36. Qf2 Qf6+ 37. Ke3 Qxf2+ 38. Kxf2 g5 39. Kf3 Kf7 40. Kg4 Kf6 41. e5+ Kxe5 42. Kxg5 Ke4 43. a3 a5 44. b3 e5 45. Kg4 Ke3 46. Kxh4 Kf4 47. Kh5 e4 48. h4 e3 0-1

[Event "Cape Verde Championship Final 2022"]
[Site "Praia"]
[Date "2022.12.08"]
[Round "2.4"]
[White "Vaz, Jose Carlos"]
[Black "Monteiro, Antonio David Cabral"]
[Result "1-0"]
[ECO "C11"]
[WhiteElo "1787"]
[BlackElo "1778"]
[Annotator "NA RC COMBH"]
[PlyCount "75"]
[EventDate "2022.12.04"]
[EventType "tourn"]
[EventCountry "KAP"]
[SourceTitle "playchess.com"]
[Source "ChessBase"]
[SourceQuality "1"]
[TimeControl "40/5400+30:1800+30"]

1. e4 e6 2. d4 d5 3. Nc3 Nf6 4. e5 Nfd7 5. f4 c5 6. Nf3 Nc6 7. Bb5 a6 8. Bxc6 bxc6 9. O-O cxd4 10. Nxd4 c5 11. Nf3 a5 12. Kh1 Be7 13. f5 O-O 14. Qe1 d4 15. fxe6 dxc3 16. exd7 cxb2 17. Bxb2 Qxd7 18. Qc3 Qg4 19. a3 Be6 20. Rad1 a4 21. h3 Qe4 22. Bc1 h6 23. Be3 g5 24. Nd2 Qc6 25. Kh2 Rad8 26. Rf2 Rd5 27. Kg1 Rfd8 28. Rdf1 Qc7 29. Nc4 Rd1 30. h4 Qc6 31. Nd6 Rxf1+ 32. Rxf1 Bxd6 33. exd6 Rxd6 34. hxg5 hxg5 35. Bxg5 Bd5 36. Bf6 Be4 37. Qg3+ Bg6 38. Qh4 1-0

[Event "Cape Verde Championship Final 2022"]
[Site "Praia"]
[Date "2022.12.09"]
[Round "3.1"]
[White "Monteiro, Antonio David Cabral"]
[Black "Ortega Amarelle, Mariano"]
[Result "0-1"]
[ECO "B41"]
[WhiteElo "1778"]
[BlackElo "2471"]
[Annotator "TA"]
[PlyCount "48"]
[EventDate "2022.12.04"]
[EventType "tourn"]
[EventCountry "KAP"]
[SourceTitle "playchess.com"]
[Source "ChessBase"]
[SourceQuality "1"]
[TimeControl "40/5400+30:1800+30"]

1. e4 c5 2. Nf3 e6 3. d4 cxd4 4. Nxd4 a6 5. c4 Nf6 6. e5 {[%emt 0:02:10] B41: Sicilian: Kan Variation: 5 c4.} (6. Nc3 $11) 6... Qa5+ $15 7. Nc3 Qxe5+ 8. Be2 {[%emt 0:00:35] Black is slightly better.} Nc6 9. Nf3 Qc7 {[%emt 0:00:41] Black is more active.} 10. O-O Be7 11. Re1 O-O {[%emt 0:00:14] [#]} 12. a3 $146 ({Predecessor:} 12. h3 Rd8 13. Be3 Rb8 14. Rc1 d5 15. cxd5 Nxd5 16. Nxd5 Rxd5 17. Qc2 Rd8 18. Bd3 {1-0 (33) Bezo,S (2127)-Blaha,B (1987) Trencianske Teplice 2005}) 12... b6 13. Bg5 Bb7 14. Rc1 Rad8 15. b4 Qb8 (15... d5 $17 {White must now prevent ...dxc4.} 16. cxd5 Nxd5 17. Bxe7 Qxe7) 16. Qc2 (16. Be3 $11 {remains equal.}) 16... Ng4 $17 {[%emt 0:08:26][%cal Oc6d4] [#] ...Nd4! is the strong threat.} 17. Bxe7 Nxe7 18. h3 Nf6 19. Ng5 Qf4 $40 {[%emt 0:04:31][%mdl 128] Black has strong attack.} 20. Bf3 {[%emt 0:01:17] Loses the game.} (20. Nf3 $17 {only move.}) 20... Bxf3 {[%emt 0:01:20] Really sharp!} ({Black should play} 20... d5 $19 21. h4 Qxh4) 21. Nxf3 Qxc4 22. Ne4 (22. Qa4 $17) 22... Qxc2 $19 23. Nxf6+ gxf6 24. Rxc2 Rc8 {[%emt 0:00:10] Against Rc7.   Weighted Error Value: White=0.36/Black=0.14 (very precise)} 0-1

[Event "Cape Verde Championship Final 2022"]
[Site "Praia"]
[Date "2022.12.09"]
[Round "3.2"]
[White "Teixeira, Gil"]
[Black "Vaz, Jose Carlos"]
[Result "1-0"]
[ECO "D02"]
[WhiteElo "1763"]
[BlackElo "1787"]
[Annotator "NA RC COMBH"]
[PlyCount "119"]
[EventDate "2022.12.04"]
[EventType "tourn"]
[EventCountry "KAP"]
[SourceTitle "playchess.com"]
[Source "ChessBase"]
[SourceQuality "1"]
[TimeControl "40/5400+30:1800+30"]

1. d4 d5 2. Nf3 Nf6 3. Bf4 c6 4. Nbd2 g6 5. c3 Bg7 6. e3 O-O 7. Bd3 Nbd7 8. O-O Nh5 9. Bg3 Nxg3 10. hxg3 e5 11. Nh2 e4 12. Be2 Qg5 13. b4 h5 14. a4 h4 15. g4 f5 16. f4 exf3 17. Rxf3 fxg4 18. Nxg4 Nf6 19. Rf4 Be6 20. Nf3 Qh5 21. Nxf6+ Bxf6 22. Nxh4 Qh6 23. Qe1 Kg7 24. Qg3 Bg5 25. Raf1 Bxf4 26. exf4 Bf5 27. Nf3 Rae8 28. Ne5 Rh8 29. Bd3 Bxd3 30. Qxd3 Ref8 31. Qg3 Qh1+ 32. Kf2 Qh4 33. Qxh4 Rxh4 34. Kg3 g5 35. f5 Re4 36. Rf3 Re2 37. Ng4 Kf7 38. Ne5+ Kg7 39. Ng4 Rfe8 40. f6+ Kf7 41. Ne5+ R8xe5 42. dxe5 Rxe5 43. Kg4 b6 44. g3 a5 45. bxa5 bxa5 46. Rf5 Re4+ 47. Kxg5 Rxa4 48. Rf1 Rc4 49. Rb1 Re4 50. Rb7+ Kf8 51. Rc7 Re3 52. g4 Re4 53. Rxc6 Rc4 54. Ra6 a4 55. Kf5 Rxc3 56. Rxa4 Rc5 57. Kg6 Rc8 58. Ra7 Kg8 59. Rh7 Rc6 60. Rd7 1-0

[Event "Cape Verde Championship Final 2022"]
[Site "Praia"]
[Date "2022.12.09"]
[Round "3.3"]
[White "Monteiro, Antonio David Cabral"]
[Black "Barros, Luis"]
[Result "1-0"]
[ECO "B44"]
[WhiteElo "1778"]
[BlackElo "1666"]
[Annotator "NA COMBH"]
[PlyCount "91"]
[EventDate "2022.12.04"]
[EventType "tourn"]
[EventCountry "KAP"]
[SourceTitle "playchess.com"]
[Source "ChessBase"]
[SourceQuality "1"]
[TimeControl "40/5400+30:1800+30"]

1. e4 c5 2. Nf3 Nc6 3. d4 cxd4 4. Nxd4 e6 5. Be2 g6 6. Be3 Bg7 7. Nc3 a6 8. f3 Nge7 9. Qd2 h6 10. O-O-O b5 11. Nxc6 Nxc6 12. Kb1 Bb7 13. h4 Rc8 14. h5 g5 15. f4 gxf4 16. Bxf4 Ne5 17. Rhf1 b4 18. Na4 a5 19. Qd4 Qc7 20. Rc1 Rg8 21. Qf2 f6 22. Bd3 Qc6 23. Bxe5 Rf8 24. b3 fxe5 25. Qg3 Bf6 26. Qg6+ Ke7 27. Rf2 Rf7 28. Rcf1 Rcf8 29. Qxh6 d5 30. exd5 exd5 31. Bg6 Rh8 32. Qe3 Rff8 33. Qc5+ Qxc5 34. Nxc5 Bc6 35. g4 e4 36. Rf5 Bd4 37. Rxf8 Rxf8 38. Rxf8 Kxf8 39. Ne6+ Ke7 40. Nxd4 Bd7 41. Bf5 Be8 42. Kc1 Kf6 43. Kd2 Ke5 44. Ke3 Bf7 45. h6 Kf6 46. g5+ 1-0

[Event "Cape Verde Championship Final 2022"]
[Site "Praia"]
[Date "2022.12.10"]
[Round "3.4"]
[White "Rodriguez Guevara, Celia M."]
[Black "Moes Joaquim, Carlos"]
[Result "1-0"]
[ECO "B41"]
[WhiteElo "1803"]
[BlackElo "1448"]
[Annotator "NA RC COMBH"]
[PlyCount "87"]
[EventDate "2022.12.04"]
[EventType "tourn"]
[EventCountry "KAP"]
[SourceTitle "playchess.com"]
[Source "ChessBase"]
[SourceQuality "1"]
[TimeControl "40/5400+30:1800+30"]

1. e4 c5 2. Nf3 e6 3. d4 cxd4 4. Nxd4 a6 5. c4 Qc7 6. Be2 Bc5 7. O-O Ne7 8. Nc3 O-O 9. a3 d6 10. Bg5 (10. b4 $16 Ba7 11. Be3) 10... Ng6 (10... h6 $11 11. Be3 e5) 11. b4 Ba7 12. Nf3 (12. Rc1 $14) 12... Nd7 13. Rc1 f6 14. Bd2 Nde5 15. Qb3 Kh8 16. h3 (16. Nxe5 $14 {deserves consideration.} Nxe5 17. Kh1) 16... b6 (16... Nxf3+ $11 17. Bxf3 Ne5) 17. Be3 Bd7 18. Rfd1 f5 19. exf5 Rxf5 20. Nd4 Rf4 (20... Rff8 {was worth a try.} 21. b5 a5) 21. Bxf4 Nxf4 22. Nf3 Qc6 23. b5 Qc7 $2 (23... Nxe2+ 24. Nxe2 Nxf3+ 25. Qxf3 Qxf3 26. gxf3 Bb8) 24. Nxe5 dxe5 25. Bf3 Rf8 26. Ne4 a5 27. a4 Be8 28. Rd2 Bb8 29. Rcd1 Qf7 30. Kh2 Qf5 31. Nd6 Qg6 32. Qc2 Qg5 33. Nxe8 e4 34. Qxe4 Nxg2+ 35. Nd6 Nh4 36. Bg4 h5 37. Be2 Rxf2+ 38. Kh1 Qg3 39. Nf7+ Kg8 40. Rd8+ $18 (40. Bxh5 $2 Qh2#) 40... Kxf7 41. R1d7+ Kf6 42. Rf8+ Kg5 43. Rxg7+ Ng6 44. Rxg6# 1-0

[Event "Cape Verde Championship Final 2022"]
[Site "Praia"]
[Date "2022.12.10"]
[Round "4.1"]
[White "Ortega Amarelle, Mariano"]
[Black "Moes Joaquim, Carlos"]
[Result "1-0"]
[ECO "C09"]
[WhiteElo "2471"]
[BlackElo "1448"]
[Annotator "TA"]
[PlyCount "73"]
[EventDate "2022.12.04"]
[EventType "tourn"]
[EventCountry "KAP"]
[SourceTitle "playchess.com"]
[Source "ChessBase"]
[SourceQuality "1"]
[TimeControl "40/5400+30:1800+30"]

1. e4 e6 2. d4 d5 3. Nd2 c5 4. Ngf3 Nc6 5. exd5 exd5 6. Bb5 cxd4 7. O-O Bd6 8. Nxd4 Nge7 9. N2f3 O-O 10. Bg5 Qc7 {[%emt 0:01:11] 10...Qc7 is better than 10...f6.} (10... Qb6 {keeps more tension.} 11. Bd3 h6 12. Be3 Qxb2 13. Rb1 Qc3) 11. Bxe7 {[%emt 0:01:50] C09: French Tarrasch: 3...c5 4 exd5 exd5 5 Ngf3 Nc6.} Nxe7 12. Bd3 {[%emt 0:00:14] [#]} Bg4 $146 ({Predecessor:} 12... a6 13. c3 Bd7 14. Re1 Rad8 15. Ng5 Ng6 16. g3 {1-0 (16) Klundt,K (2385)-Binder,T Nuremberg 1987}) 13. Nb5 {[%emt 0:05:53] Pair of Knights! White is slightly better.} Qd7 14. Nxd6 Qxd6 {[%emt 0:00:13] [#]} ({Black should try} 14... Bxf3 $1 $14 15. Qxf3 Qxd6) 15. Bxh7+ $1 $16 Kh8 {[%emt 0:00:43][%cal Og4f3][%mdl 64] ...Bxf3! is the strong threat.} 16. Bd3 Qf6 17. Be2 g6 18. Qd4 Qxd4 19. Nxd4 Be6 20. Rfe1 {[%emt 0:00:28] White is more active.} Nc6 21. Rad1 Kg7 {[%emt 0:00:57] [#]} (21... Rad8 $16 {is a better defense.} 22. f4 Nxd4 23. Rxd4 Rd6) 22. Nxe6+ $1 $18 fxe6 23. Bg4 d4 24. Bxe6 Rad8 25. Bc4 a6 26. Re6 Nb4 $2 (26... Rf6 {keeps fighting.} 27. Rde1 Rd6 28. Rxd6 Rxd6) 27. a3 d3 28. cxd3 ({Weaker is} 28. axb4 dxc2 29. Rc1 (29. Re7+ Kf6 $11) 29... Rd1+ 30. Re1 Rxe1+ 31. Rxe1 Rc8 $16) 28... b5 29. Bxb5 ({Resist} 29. axb4 bxc4 30. Rxa6 Rd4 $18) 29... axb5 30. axb4 {[%emt 0:00:07][%mdl 4096] Endgame KRR-KRR} Rd5 31. g3 Rd4 32. Re4 Rd5 33. Kf1 {[%emt 0:00:36] White is clearly winning.} g5 34. h4 Kg6 (34... gxh4 $142 35. Rxh4 Re8) 35. Rg4 Rff5 36. Rxg5+ Rxg5 37. hxg5 {[%emt 0:00:30] White took control after the opening.   Weighted Error Value: White=0.15 (very precise) /Black=0.43} 1-0

[Event "Cape Verde Championship Final 2022"]
[Site "Praia"]
[Date "2022.12.10"]
[Round "4.2"]
[White "Barros, Luis"]
[Black "Rodriguez Guevara, Celia M."]
[Result "0-1"]
[ECO "B01"]
[WhiteElo "1666"]
[BlackElo "1803"]
[Annotator "NA RC COMBH"]
[PlyCount "132"]
[EventDate "2022.12.04"]
[EventType "tourn"]
[EventCountry "KAP"]
[SourceTitle "playchess.com"]
[Source "ChessBase"]
[SourceQuality "1"]
[TimeControl "40/5400+30:1800+30"]

1. e4 d5 2. exd5 Qxd5 3. Nc3 Qa5 4. Nf3 Nf6 5. d4 Bf5 6. Bc4 c6 7. Bd2 Qd8 8. Ne5 e6 9. h3 Qxd4 10. Qe2 Nbd7 11. Nxd7 Nxd7 12. O-O-O Bc5 $2 (12... Qe5 $1 $15 {stays ahead.}) 13. g4 Bg6 14. Bxe6 O-O-O 15. Bg5 Qxf2 16. Bxd8 Qe3+ 17. Qxe3 Bxe3+ 18. Kb1 Rxd8 19. Rhe1 Bg5 20. Bxd7+ Rxd7 21. Rxd7 (21. Re8+ $142 Kc7 22. Rxd7+ Kxd7 23. Rb8) 21... Kxd7 22. Ne4 Be7 23. a3 f5 24. gxf5 (24. Ng3 $16) 24... Bxf5 25. Nf2 Bh4 26. Rf1 Bg6 (26... g6 $11) 27. Ng4 Bg3 (27... Ke6 $11 {is more appropriate.}) 28. Rf3 Bd6 29. b3 Kc7 30. Kb2 a5 31. c3 b5 32. Re3 Bc5 33. Re1 Bd6 34. b4 a4 35. c4 bxc4 36. Kc3 Bf7 37. Ne5 Be6 38. h4 $2 ({White should play} 38. Nxc4 $18 Kd7 39. Nb6+ Ke7 40. Nxa4) 38... Be7 {[%emt 0:00:58] [#]} 39. Nxc4 (39. Nxc6 $1 $14 {was preferrable.} Bf6+ 40. Nd4) 39... Bf6+ (39... Bxh4 $2 40. Rxe6 Kd7 41. Re2 $18) 40. Kd3 $1 Bf5+ (40... Bxh4 $2 41. Rxe6 Kd7 42. Re5 $18) 41. Kd2 Bxh4 $11 42. Rg1 Bf6 43. Kc1 Bd3 44. Nb2 Bb5 45. Nd1 h5 46. Kd2 Bc4 47. Nc3 Bb5 48. Nxb5+ cxb5 49. Rc1+ Kb6 50. Ke2 Bb2 51. Rg1 h4 52. Rg6+ Bf6 53. Kd3 Kc7 54. Rg2 Kd6 55. Ke4 Ke6 56. Rc2 Kd6 57. Rd2+ Ke6 58. Rd3 Be5 59. Re3 g5 60. Kf3 Kf5 61. Rd3 g4+ 62. Kf2 h3 63. Rd5 g3+ 64. Kg1 Ke4 65. Rd2 Bd4+ 66. Kh1 g2+ 0-1

[Event "Cape Verde Championship Final 2022"]
[Site "Praia"]
[Date "2022.12.10"]
[Round "4.3"]
[White "Vaz, Jose Carlos"]
[Black "Monteiro, Antonio David Cabral"]
[Result "1/2-1/2"]
[ECO "B30"]
[WhiteElo "1787"]
[BlackElo "1778"]
[Annotator "NA RC COMBH"]
[PlyCount "96"]
[EventDate "2022.12.04"]
[EventType "tourn"]
[EventCountry "KAP"]
[SourceTitle "playchess.com"]
[Source "ChessBase"]
[SourceQuality "1"]
[TimeControl "40/5400+30:1800+30"]

1. e4 c5 2. Nf3 Nc6 3. Bc4 e6 4. O-O d6 5. c3 Nf6 6. Re1 Be7 7. d4 O-O 8. d5 exd5 9. exd5 Nb8 10. Bg5 Bg4 11. Qe2 Bxf3 12. gxf3 Re8 13. Bxf6 gxf6 14. Qe4 Nd7 15. Bb5 a6 16. Bd3 f5 17. Qxf5 Nf6 18. Nd2 Qd7 19. Qg5+ Kh8 20. Kh1 Rg8 21. Qh6 Rg7 22. Rg1 Rag8 23. Rxg7 Rxg7 24. Rg1 Rxg1+ 25. Kxg1 Qe8 26. c4 Qg8+ 27. Kf1 Qg7 28. Qe3 Bf8 29. a3 Qh6 30. b4 cxb4 31. axb4 Qxh2 32. Ke2 Nh5 33. Ke1 Nf4 34. Bf1 Qh6 35. Ne4 Qh4 36. Ng3 Qf6 37. Qc1 Bh6 38. Ne4 Qe5 39. Qc3 Bg7 40. Qxe5 Bxe5 41. Kd2 b6 42. c5 bxc5 43. bxc5 dxc5 44. d6 Ne6 45. Bxa6 f5 46. Ng3 Bxd6 47. Nxf5 Bf8 48. Bc4 Nd4 1/2-1/2

[Event "Cape Verde Championship Final 2022"]
[Site "Praia"]
[Date "2022.12.10"]
[Round "4.4"]
[White "Monteiro, Antonio David Cabral"]
[Black "Teixeira, Gil"]
[Result "1-0"]
[ECO "D00"]
[WhiteElo "1778"]
[BlackElo "1763"]
[Annotator "NA RC COMBH"]
[PlyCount "109"]
[EventDate "2022.12.04"]
[EventType "tourn"]
[EventCountry "KAP"]
[SourceTitle "playchess.com"]
[Source "ChessBase"]
[SourceQuality "1"]
[TimeControl "40/5400+30:1800+30"]

1. d4 e6 2. Bf4 Be7 3. e3 Nf6 4. Nd2 d5 5. c3 Nbd7 6. Bd3 Nf8 7. h4 Bd6 8. Qf3 Bd7 9. Bxd6 cxd6 10. Qg3 Qe7 11. Ngf3 h6 12. e4 dxe4 13. Nxe4 Nxe4 14. Bxe4 d5 15. Bd3 Rg8 16. Ne5 O-O-O 17. Nxd7 Rxd7 18. O-O-O Qd6 19. f4 Rc7 20. Kb1 g5 21. hxg5 hxg5 22. Rdf1 f5 23. Rh6 Rcg7 24. Qe1 Rg6 25. fxg5 Rxg5 26. Bxf5 Qg3 27. Bxe6+ Nxe6 28. Qxe6+ Kb8 29. Rhf6 a6 30. Qb6 Re8 31. Rf7 Re1+ 32. Rxe1 Qxe1+ 33. Kc2 Qe2+ 34. Kb3 Qc4+ 35. Ka3 Qc8 36. Qd6+ Ka7 37. Rf8 Qc6 38. Qb8+ Kb6 39. Qd8+ Ka7 40. Qxg5 Qd6+ 41. b4 Qxf8 42. Qxd5 Qf1 43. Qf3 Qc1+ 44. Kb3 Qb1+ 45. Kc4 Qxa2+ 46. Kc5 Qa4 47. d5 Qb5+ 48. Kd4 Qb6+ 49. Ke5 Qc7+ 50. d6 Qg7+ 51. Qf6 Qxg2 52. d7 Qe2+ 53. Kd6 Qh2+ 54. Qe5 Qh4 55. Qd4+ 1-0